 Dungeon Crawl Stone Soup version 0.18.1-48-g4cf74bf (webtiles) character file.

359 MovingMist the Poker (level 6, -2/57 HPs)
             Began as a Naga Fighter on Aug 21, 2016.
             Slain by an ogre
             ... wielding a cursed +0 giant club
              (24 damage)
             ... on level 4 of the Dungeon.
             The game lasted 00:09:05 (3899 turns).

MovingMist the Poker (Naga Fighter)                 Turns: 3899, Time: 00:09:05

Health: -2/57      AC: 11    Str: 18    XL:     6   Next: 65%
Magic:  6/6        EV:  5    Int:  9    God:
Gold:   230        SH: 11    Dex: 12    Spells: 0 memorised, 5 levels left

rFire  . . .     SeeInvis +     a - +0 trident
rCold  + . .     Gourm    .     g - +4 scale mail {rC+}
rNeg   . . .     Faith    .     c - +0 shield
rPois  +         Spirit   .     (no helmet)
rElec  .         Dismiss  .     (no cloak)
rCorr  .         Reflect  +     m - +0 pair of gloves
SustAt .         Harm     .     (no barding)
MR     .....                    h - +2 amulet of reflection
Stlth  ..........               (no ring)
                                (no ring)

@: very slow, not resistant to hostile enchantments, extremely unstealthy
A: see invisible, deformed body, poison resistance, slowness 2, slow metabolism
1, spit poison 2, AC +2
a: Spit Poison


You were on level 4 of the Dungeon.
You were hungry.

You visited 1 branch of the dungeon, and saw 4 of its levels.

You collected 230 gold pieces.

Inventory:

Hand Weapons
 a - a +0 trident (weapon)
Armour
 c - a +0 shield (worn)
 g - a +4 scale mail of cold resistance (worn)
 m - a +0 pair of gloves (worn)
Jewellery
 h - a +2 amulet of reflection (around neck)
Scrolls
 b - a scroll of fog
 e - 3 scrolls of enchant armour {unknown}
 i - 3 scrolls of remove curse
 r - a scroll of random uselessness {unknown}
Potions
 k - a potion of ambrosia
 n - a potion of agility {unknown}
 o - 2 potions of heal wounds {unknown}
 q - a potion of brilliance {unknown}
Comestibles
 d - a chunk of flesh
 f - 2 bread rations
 j - a meat ration
 l - a slice of pizza
 p - 3 fruits


   Skills:
 - Level 4.1 Fighting
 * Level 4.3 Polearms
 + Level 3.5 Armour
 + Level 3.5 Shields


You had 5 spell levels left.
You didn't know any spells.

Dungeon Overview and Level Annotations

Branches:
Dungeon (4/15)
 Temple: D:4-7

Altars:
Ru

Annotations:
D:4 Joat's ghost, amateur DrTm


Innate Abilities, Weirdness & Mutations

You cannot wear boots.
Your serpentine skin is tough (AC +2).
You have supernaturally acute eyesight.
Armour fits poorly on your strangely shaped body.
Your system is resistant to poisons.
You cover ground very slowly.
You have a slow metabolism.
You can spit poison.


Message History

The ogre is lightly wounded.
You feel slightly more hungry.
An adder comes into view.
You have got your breath back.
You are feeling hungry.
You block the ogre's attack. You block the ogre's attack.
The ogre hits you with a giant club. You block the ogre's attack.
The ogre hits you with a giant club!!
You hit the ogre.
The ogre is lightly wounded.
You block the ogre's attack.
You hit the ogre but do no damage.
The ogre is lightly wounded.
The ogre hits you with a giant club!
You hit the ogre.
The ogre is lightly wounded.
The ogre hits you with a giant club!!
You die...

...###############.##.##
#............>........#
###########.........#.##
#.........#..#
########.........##<#
#####............(...##.##
.....................##..##
##.#..##########O#######..#
#.#..# #@.# ##.##
##....##### ##.# #..#
....#.#.... #.# ##.#
....#..... #.# #.#
..#...#.#########.# #.#
.####...#...[...#.# #.#
.#..............#.# #.#
.......#...)....#.# #.#
##..>...........#.# #.##


You could see an ogre.

Vanquished Creatures
  A giant frog zombie (D:3)
  2 orc priests (D:3)
  A hound (D:4)
  An orc wizard (D:3)
  Terence (D:3)
  A gnoll (D:1)
  7 adders
  2 oozes
  3 worms
  3 dart slugs
  A giant gecko (D:3)
  10 orcs
  4 ball pythons
  8 giant cockroaches
  10 goblins
  8 hobgoblins
  5 jackals
  4 kobolds
  7 bats
  2 giant newts
  10 rats
91 creatures vanquished.

Vanquished Creatures (others)
  A goblin (D:3)
1 creature vanquished.

Grand Total: 92 creatures vanquished

Notes
Turn   | Place    | Note
--------------------------------------------------------------
     0 | D:1      | MovingMist the Naga Fighter began the quest for the Orb.
     0 | D:1      | Reached XP level 1. HP: 21/21 MP: 1/1
   139 | D:1      | Reached XP level 2. HP: 16/28 MP: 2/2
   586 | D:1      | Reached XP level 3. HP: 23/34 MP: 3/3
  1454 | D:2      | Reached XP level 4. HP: 32/42 MP: 4/4
  2532 | D:3      | Reached XP level 5. HP: 44/50 MP: 5/5
  2769 | D:3      | Found a sacrificial altar of Ru.
  3053 | D:3      | Noticed Terence
  3063 | D:3      | Reached XP level 6. HP: 38/57 MP: 6/6
  3072 | D:3      | Killed Terence
  3554 | D:4      | Noticed Joat's ghost (amateur DrTm)
  3899 | D:4      | Slain by an ogre

Skill      XL: |  1  2  3  4  5  6 |
---------------+-------------------+-----
Polearms       | 3 4 |  4.3
Armour         | 3 |  3.5
Shields        | 3 |  3.5
Fighting       | 4 |  4.1

Action                   |  1- 3 |  4- 6 || total
-------------------------+-------+-------++-------
Melee: Trident           |   152 |   283 ||   435
 Abil: Spit Poison       |     1 |     1 ||     2
  Use: Scroll            |     4 |     3 ||     7
       Potion            |       |     1 ||     1
  Eat: Chunk             |     1 |     7 ||     8
Armor: Scale mail        |    53 |   105 ||   158
Dodge: Dodged            |    31 |    42 ||    73
Block: Shield            |    76 |   152 ||   228
       Reflection        |       |     2 ||     2
